AoeStats
← griffin

Arena

504736347Analyzed
1v1 RM · 25d ago on Sep 6, 2026· 36m 27s· 2 players
Game mode
Random Map
Map size
Tiny (2 player)
Population
200
Speed
Normal
Resources
Standard
Victory
Conquest
Starting age
Dark Age
Ending age
Imperial Age
RankedLock teamsTeams togetherTeam positionsShared explorationLock speedFull tech treeHidden civsTurbo modeCheats
Victory
Defeat
🇬🇧 Persians · United Kingdom
1160
+18
🇩🇪 Burgundians · Germany
1194
-18
griffin
10:11 Feudal Age
13:55 Castle Age
19:37 Loom
20:07 Horse Collar
22:31 Wheelbarrow
21:58 Town Watch
23:26 Double-Bit Axe
25:38 Forging
25:33 Scale Barding Armor
25:26 Gold Mining
25:28 Stone Mining
26:36 Bloodlines
26:27 Husbandry
29:22 Imperial Age
27:01 Heavy Plow
29:03 Bow Saw
30:04 Iron Casting
29:49 Chain Barding Armor
29:04 Cavalier
30:06 Conscription
31:44 Blast Furnace
31:21 Conscription
30:26 Savar
33:18 Hand Cart
33:53 Plate Barding Armor
Bleistift
10:13 Feudal Age
14:14 Castle Age
12:11 Horse Collar
12:28 Double-Bit Axe
13:13 Heavy Plow
13:19 Loom
15:24 Bow Saw
21:47 Wheelbarrow
22:09 Town Watch
23:49 Two-Man Saw
24:13 Hand Cart
24:24 Scale Barding Armor
25:32 Chain Barding Armor
25:53 Gold Mining
26:21 Forging
25:34 Cavalier
26:15 Husbandry
26:18 Town Patrol
28:04 Gold Shaft Mining
27:20 Stone Mining
32:05 Imperial Age
30:58 Iron Casting
30:50 Ballistics
31:45 Burgundian Vineyards
32:08 Paladin
33:37 Plate Barding Armor
33:29 Masonry
34:08 Conscription
35:39 Blast Furnace
Connection lost

Rejoining the realm…

Still unreachable

The connection could not be restored.

Session expired

The server has moved on; the page needs a fresh start.